 Dungeon Crawl Stone Soup version 0.26.1-11-gd32895ea62 (webtiles) character file.

Game seed: 552454474899199828

1916 Tycrow the Fighter (level 9, 0/77 HPs)
             Began as a Gnoll Wanderer on June 26, 2021.
             Was a Priest of Makhleb.
             Slain by Grinder the chaos spawn (18 damage)
             ... on level 6 of the Dungeon.
             The game lasted 01:04:59 (9416 turns).

Tycrow the Fighter (Gnoll Wanderer)                 Turns: 9416, Time: 01:05:00

Health: 0/77       AC:  7    Str: 15    XL:     9   Next: 16%
Magic:  16/16      EV: 14    Int: 14    God:    Makhleb [***...]
Gold:   232        SH:  0    Dex: 18    Spells: 14/16 levels left

rFire    + . .     SeeInvis .   z - +4 quarterstaff (chaos)
rCold    . . .     Faith    .   (shield currently unavailable)
rNeg     . . .     Spirit   .   l - +2 robe {Will+}
rPois    +         Reflect  .   (no helmet)
rElec    +         Harm     .   A - +1 cloak
rCorr    .         Rampage  .   (no gloves)
Will     ++...                  p - +0 pair of boots
Stlth    ++++......             e - amulet of the acrobat
HPRegen  0.22/turn              v - ring of willpower
MPRegen  0.15/turn              w - ring of protection from fire

@: no status effects
A: distributed training, fangs 1, high mp 1, poison resistance, electricity
resistance, strong nose
a: Renounce Religion, Minor Destruction, Lesser Servant of Makhleb


You were on level 6 of the Dungeon.
You worshipped Makhleb.
Makhleb was most pleased with you.
You visited 1 branch of the dungeon, and saw 7 of its levels.
You also visited: Sewer.

You collected 232 gold pieces.

Inventory:

Hand Weapons
 z - a +4 quarterstaff of chaos (weapon)
Missiles
 d - 8 silver boomerangs (quivered)
Armour
 l - a +2 robe of willpower (worn)
 p - a +0 pair of boots (worn)
 A - a +1 cloak (worn)
Jewellery
 e - an amulet of the acrobat (around neck)
 v - a ring of willpower (left hand)
 w - a ring of protection from fire (right hand)
Wands
 n - a wand of disintegration (16)
 C - a wand of iceblast (3)
 D - a wand of polymorph (7)
Scrolls
 b - 3 scrolls of teleportation
 c - a scroll of amnesia {unknown}
 i - a scroll of remove curse
 m - a scroll of identify
 s - a scroll of immolation {unknown}
 t - 2 scrolls of fear {unknown}
 B - a scroll of enchant weapon {unknown}
Potions
 a - a potion of berserk rage
 f - a potion of ambrosia {unknown}
 g - 4 potions of flight
 h - a potion of lignification {unknown}
 j - a potion of curing
 o - 2 potions of magic {unknown}
 u - a potion of haste
 x - a potion of attraction {unknown}
 E - a potion of brilliance {unknown}


   Skills:
 + Level 9.4 Fighting
 + Level 4.0 Short Blades
 + Level 4.0 Long Blades
 + Level 4.8 Axes
 + Level 4.0 Maces & Flails
 + Level 4.8 Polearms
 + Level 4.0 Staves
 + Level 4.0 Slings
 + Level 4.0 Bows
 + Level 4.0 Crossbows
 + Level 4.0 Throwing
 + Level 4.0 Armour
 + Level 4.0 Dodging
 + Level 8.8 Stealth
 + Level 4.0 Shields
 + Level 4.0 Unarmed Combat
 + Level 4.0 Spellcasting
 + Level 3.2 Conjurations
 + Level 3.2 Hexes
 + Level 3.2 Summonings
 + Level 3.2 Necromancy
 + Level 3.2 Translocations
 + Level 3.2 Transmutations
 + Level 3.2 Fire Magic
 + Level 3.2 Ice Magic
 + Level 3.2 Air Magic
 + Level 3.2 Earth Magic
 + Level 3.2 Poison Magic
 + Level 4.3 Invocations
 + Level 4.0 Evocations


You had 14 spell levels left.
You knew the following spells:

 Your Spells              Type           Power        Failure   Level
a - Wereblood             Tmut           11%          8%          2

Your spell library contained the following spells:

 Spells                   Type           Power        Failure   Level
 Beastly Appendage        Tmut           22%          4%          1
 Spider Form              Tmut/Pois      5%           16%         3
 Ice Form                 Ice/Tmut       11%          45%         4
 Blade Hands              Tmut           5%           80%         5


Dungeon Overview and Level Annotations

Branches:
Dungeon (7/15)             Temple (0/1) D:4           Sewer (visited)

Altars:
Ashenzari
Cheibriados
Dithmenos
Elyvilon
Hepliaklqana
Makhleb
Qazlal
Ru
Uskayaw
Wu Jian
The Shining One

Shops:
D:5 :

Annotations:
D:6 Grinder


Innate Abilities, Weirdness & Mutations

Your experience applies equally to all skills.
You have very sharp teeth.
Your uncanny sense of smell can sniff out nearby items.
You have an increased reservoir of magic. (+10% MP)
Your system is resistant to poisons. (rPois)
You are resistant to electric shocks. (rElec)


Message History

* * * LOW HITPOINT WARNING * * *
Grinder shocks you. You resist.
* * * LOW HITPOINT WARNING * * *
Press: ? - help, Shift-Dir - straight line, f/p - Grinder
Aim: Grinder the chaos spawn (lightly wounded)
The glob of acid hits Grinder.
Grinder is splashed with acid!
The acid corrodes Grinder!
Grinder is moderately wounded.
Grinder misses you.
Press: ? - help, Shift-Dir - straight line, f/p - Grinder
Aim: Grinder the chaos spawn (moderately wounded, covered in acid)
The stone arrow hits Grinder!
Grinder is almost dead.
Grinder misses you.
Press: ? - help, Shift-Dir - straight line, f/p - Grinder
Aim: Grinder the chaos spawn (almost dead, covered in acid)
The zap hits Grinder.
Grinder is almost dead.
Grinder gores you!!
You die...

...#...................#
##.................#..##
#..................#...#
..................###.##
.............###..###..##
.............# #.###....#
......####...# #...#...##
.......##....###...##.##
#......#....†.##@4.(...#
...............#.......#
............g..#).#....#
..................##.###
....g..##......)......#
.......##.##.....#...##
..........##...#######
......#...#.....#
......g...##....#


You could see Grinder the chaos spawn (corroded).

Vanquished Creatures
  Sigmund (D:5)
  An ice beast (D:5)
  A sky beast (D:7)
  An ogre (D:7)
  5 bullfrogs
  2 scorpions (D:5)
  4 wights (D:5)
  A howler monkey (D:7)
  2 hounds
  Crazy Yiuf (D:4)
  An orc priest (D:3)
  A jelly (D:6)
  A bullfrog skeleton (D:4)
  A gnoll shaman (D:6)
  An iguana (D:2)
  Ijyb (D:4)
  6 orc wizards
  4 worker ants
  10 gnolls
  A howler monkey skeleton (D:5)
  9 adders
  A white imp (D:5)
  An ufetubus (D:7)
  3 worms
  A dart slug (D:1)
  5 leopard geckos
  27 orcs
  2 ball pythons (Sewer)
  11 giant cockroaches
  8 goblins
  8 hobgoblins
  7 jackals (D:1)
  3 quokkas
  10 bats
  17 frilled lizards
  10 kobolds
  A quokka zombie (D:6)
  13 rats
  A rat zombie (D:6)
184 creatures vanquished.

Vanquished Creatures (others)
  5 plants (D:1)
5 creatures vanquished.

Grand Total: 189 creatures vanquished

Notes
Turn   | Place    | Note
-------+----------+-------------------------------------------
     0 | D:1      | Tycrow the Gnoll Wanderer began the quest for the Orb.
     0 | D:1      | Tycrow set off with the following items: a +2 spear, 2
                  | scrolls of teleportation, a +0 robe, a +0 dagger
     0 | D:1      | Reached XP level 1. HP: 26/26 MP: 1/1
   215 | D:1      | Reached XP level 2. HP: 25/33 MP: 2/2
   517 | D:1      | Reached XP level 3. HP: 38/38 MP: 3/3
  1279 | D:2      | Reached skill level 1 in Invocations
  1297 | D:2      | Reached skill level 1 in Short Blades
  1297 | D:2      | Reached skill level 1 in Long Blades
  1297 | D:2      | Reached skill level 1 in Maces & Flails
  1297 | D:2      | Reached skill level 1 in Staves
  1297 | D:2      | Reached skill level 1 in Slings
  1297 | D:2      | Reached skill level 1 in Bows
  1297 | D:2      | Reached skill level 1 in Crossbows
  1297 | D:2      | Reached skill level 1 in Throwing
  1297 | D:2      | Reached skill level 1 in Armour
  1297 | D:2      | Reached skill level 1 in Dodging
  1297 | D:2      | Reached skill level 1 in Shields
  1297 | D:2      | Reached skill level 1 in Unarmed Combat
  1297 | D:2      | Reached skill level 1 in Spellcasting
  1297 | D:2      | Reached skill level 1 in Evocations
  1297 | D:2      | Reached XP level 4. HP: 32/45 MP: 5/5
  1299 | D:2      | Found a burning altar of Makhleb.
  1316 | D:2      | Reached skill level 1 in Conjurations
  1316 | D:2      | Reached skill level 1 in Hexes
  1316 | D:2      | Reached skill level 1 in Summonings
  1316 | D:2      | Reached skill level 1 in Necromancy
  1316 | D:2      | Reached skill level 1 in Translocations
  1316 | D:2      | Reached skill level 1 in Transmutations
  1316 | D:2      | Reached skill level 1 in Fire Magic
  1316 | D:2      | Reached skill level 1 in Ice Magic
  1316 | D:2      | Reached skill level 1 in Air Magic
  1316 | D:2      | Reached skill level 1 in Earth Magic
  1316 | D:2      | Reached skill level 1 in Poison Magic
  1489 | D:2      | Became a worshipper of Makhleb the Destroyer
  1639 | D:2      | Found a broken altar of Ashenzari.
  1754 | D:2      | Found a sacrificial altar of Ru.
  1758 | D:2      | Found a glowing golden altar of the Shining One.
  1758 | D:2      | Found an ornate altar of the Wu Jian Council.
  1758 | D:2      | Found a hazy altar of Hepliaklqana.
  1759 | D:2      | Found a shadowy altar of Dithmenos.
  1762 | D:2      | Found a hide-covered altar of Uskayaw.
  1850 | D:2      | Reached XP level 5. HP: 33/51 MP: 6/6
  3076 | D:3      | Reached * piety under Makhleb
  3342 | D:3      | Reached XP level 6. HP: 15/57 MP: 8/8
  3825 | D:3      | You fall into a shaft and drop 1 floor!
  3852 | D:4      | Found a stormy altar of Qazlal.
  4162 | D:4      | Found a staircase to the Ecumenical Temple.
  4417 | D:4      | Found a runed translucent door.
  4419 | D:4      | Noticed Crazy Yiuf
  4434 | D:4      | Killed Crazy Yiuf
  4935 | D:4      | Noticed Ijyb
  4964 | D:4      | Killed Ijyb
  5356 | D:3      | Reached XP level 7. HP: 63/63 MP: 10/10
  5661 | D:5      | Entered Level 5 of the Dungeon
  5704 | D:5      | Found a glowing drain.
  5708 | Sewer    | Entered a sewer
  5808 | Sewer    | Reached ** piety under Makhleb
  6239 | Sewer    | Gained mutation: You occasionally shout uncontrollably at
                  | your foes. [potion of mutation]
  6239 | Sewer    | Gained mutation: You are resistant to electric shocks.
                  | (rElec) [potion of mutation]
  6240 | Sewer    | Lost mutation: You occasionally shout uncontrollably at
                  | your foes. [potion of mutation]
  6240 | Sewer    | Gained mutation: You have an increased reservoir of magic.
                  | (+10% MP) [potion of mutation]
  6240 | Sewer    | Gained mutation: Your system is resistant to poisons.
                  | (rPois) [potion of mutation]
  6776 | D:5      | Reached skill level 9 in Fighting
  6791 | D:5      | Reached XP level 8. HP: 41/71 MP: 13/13
  6985 | D:5      | Found a white marble altar of Elyvilon.
  7500 | D:5      | Noticed Sigmund
  7501 | D:5      | Found a snail-covered altar of Cheibriados.
  7507 | D:5      | Killed Sigmund
  7623 | D:5      | Found a sacrificial altar of Ru.
  7683 | D:5      | Found Viuciume's Book Emporium.
  7964 | D:5      | Learned a level 2 spell: Wereblood
  7990 | D:6      | Noticed Grinder
  8394 | D:7      | Reached XP level 9. HP: 27/76 MP: 14/16
  9330 | D:6      | Reached *** piety under Makhleb
  9410 | D:6      | Noticed Grinder
  9410 | D:6      | Grinder changed into Grinder the chaos spawn
  9416 | D:6      | Slain by Grinder the chaos spawn

Illustrated notes

Levels and vault maps discovered:
D:1:      matt_arrival_spirals, layout_basic, chequers_big_river,
          grunt_decor_arrowhead, minmay_strange_pillars, minmay_surrounded
D:2:      layout_rooms, nicolae_ashenzari_panopticon, minitemple,
          makhleb_blood_cavern_becter
D:3:      layout_loops_ring
D:4:      kennysheep_the_goblin_king, layout_loops_corners,
          minmay_temple_entry_purple_smoke, minmay_misc_feat_doors,
          grunt_qazlal_sundering, uniq_crazy_yiuf_cottage
D:5:      layout_basic, elyvilon_altar_5, lemuel_coloured_pillars_altar,
          serial_shops, shop, gup_sewer_entry_bowl, grunt_decor_clamped,
          nicolae_ru_the_path_less_chosen, uniq_sigmund
D:6:      layout_cave_pools, enter_ossuary_4, uniq_grinder
D:7:      layout_basic, hangedman_decor_peaks_small

Skill      XL: |  1  2  3  4  5  6  7  8  9 |
---------------+----------------------------+-----
Invocations    | 1 2 3 4 |  4.3
Short Blades   | 1 2 3 4 |  4.0
Long Blades    | 1 2 3 4 |  4.0
Maces & Flails | 1 2 3 4 |  4.0
Staves         | 1 2 3 4 |  4.0
Slings         | 1 2 3 4 |  4.0
Bows           | 1 2 3 4 |  4.0
Crossbows      | 1 2 3 4 |  4.0
Throwing       | 1 2 3 4 |  4.0
Armour         | 1 2 3 4 |  4.0
Dodging        | 1 2 3 4 |  4.0
Shields        | 1 2 3 4 |  4.0
Unarmed Combat | 1 2 3 4 |  4.0
Spellcasting   | 1 2 3 4 |  4.0
Evocations     | 1 2 3 4 |  4.0
Conjurations   | 1 2 3 |  3.2
Hexes          | 1 2 3 |  3.2
Summonings     | 1 2 3 |  3.2
Necromancy     | 1 2 3 |  3.2
Translocations | 1 2 3 |  3.2
Transmutations | 1 2 3 |  3.2
Fire Magic     | 1 2 3 |  3.2
Ice Magic      | 1 2 3 |  3.2
Air Magic      | 1 2 3 |  3.2
Earth Magic    | 1 2 3 |  3.2
Poison Magic   | 1 2 3 |  3.2
Axes           | 3 4 |  4.8
Polearms       | 3 4 |  4.8
Stealth        | 8 |  8.8
Fighting       | 9 |  9.4

Action                   |  1- 3 |  4- 6 |  7- 9 || total
-------------------------+-------+-------+-------++-------
Melee: Spear             |   116 |   210 |       ||   326
       Bite              |    12 |    23 |    17 ||    52
       Punch             |     1 |       |       ||     1
       Quarterstaff      |       |    26 |   169 ||   195
       Mace              |       |     9 |       ||     9
Throw: Boomerang         |       |       |     1 ||     1
 Cast: Wereblood         |       |       |     3 ||     3
Invok: Minor Destruction |       |       |   106 ||   106
Evoke: Wand              |       |       |     6 ||     6
  Use: Scroll            |       |     4 |     8 ||    12
       Potion            |       |       |     8 ||     8
 Stab: Sleeping          |    10 |    19 |     3 ||    32
       Paralysed         |       |     2 |       ||     2
       Petrified         |       |       |     2 ||     2
Armor: Robe              |    20 |    36 |   108 ||   164
Dodge: Dodged            |    65 |   153 |   320 ||   538
